 Dungeon Crawl Stone Soup version 0.31-a0-986-g5e6e4ef867 (webtiles) character file.

Game seed: 10957154722035693713

4626 Jeffwins the Mimic (level 10, 0/71 HPs)
             Began as a Pale Draconian Shapeshifter on Nov 24, 2023.
             Was an Initiate of Gozag.
             Slain by a yak (7 damage)
             ... on level 8 of the Dungeon.
             The game lasted 00:12:50 (7812 turns).

Jeffwins the Mimic (Pale Draconian Shapeshifter)    Turns: 7812, Time: 00:12:51

Health: 0/71       AC:  7    Str: 16    XL:     10   Next: 19%
Magic:  10/10      EV: 12    Int: 15    God:    Gozag
Gold:   188        SH:  5    Dex: 11    Spells: 9/9 levels left

rFire   . .          .
                       - Unarmed
rCold   . . .        (shield currently unavailable)
rNeg    + . .        (body armour unavailable)
rPois   +            (helmet restricted)
rElec   .            (no cloak)
rCorr   .            (no gloves)
SInv    .            (no boots)
Will    .....        t - amulet of reflection
Stlth   +            P - ring of poison resistance
HPRegen 0.31/turn    N - ring of positive energy
MPRegen 0.12/turn

%: reflection
@: mighty, brilliant, short of breath, flux-form, gold aura, glowing
A: glow, contaminating, breathe steam, AC +7, unfitting armour, cold-blooded,
steam resistance
a: Breathe Steam, Begin Untransformation, Renounce Religion, Potion Petition,
Call Merchant, Bribe Branch


You were on level 8 of the Dungeon.
You worshipped Gozag.
Gozag was aware of your devotion.
You were something dangerously unstable.
You visited 2 branches of the dungeon, and saw 9 of its levels.
You also visited: Bailey.

You collected 1230 gold pieces.
You spent 570 gold pieces at shops.
You paid 472 gold pieces to Gozag.


Innate Abilities, Weirdness & Mutations

You are something dangerously unstable.
You glow with magical radiation, making you easy to see and hit.
Foes you strike become dangerously contaminated with magical radiation.
You are incapable of wielding weapons or throwing items.
You can breathe blasts of scalding, opaque steam.
Your pale cyan-grey scales are hard. (AC +7)
You cannot fit into any form of body armour.
You are cold-blooded and may be slowed by cold attacks.
You are immune to the effects of steam.


   Skills:
 - Level 1.1 Fighting
 + Level 4.8 Throwing
 - Level 1.7 Dodging
 - Level 5.0 Stealth
 + Level 7.2 Unarmed Combat
 + Level 6.3 Evocations
 * Level 9.2 Shapeshifting


You had 9 spell levels left.
You didn't know any spells.
Your spell library contained the following spells:

 Spells                   Type           Power      Damage    Failure   Level
 Sandblast                Erth           0%         2d4       26%         1
 Passwall                 Tmut/Erth      0%         N/A       38%         2
 Dazzling Flash           Conj/Hex       0%         N/A       63%         3
 Stone Arrow              Conj/Erth      0%         3d7       63%         3
 Brom's Barrelling Bould  Conj/Erth      0%         2d3       95%         4
 Agony                    Necr           0%         N/A       100%        5
 Silence                  Hex/Air        0%         N/A       100%        5

Inventory:

Hand Weapons
 H - the +1 dire flail "Ugicoegh" {drain, rCorr}
   (You found it in a bailey)

   rCorr:     It protects you from acid and corrosion.
Missiles
 g - 2 throwing nets {=f}
 l - 7 javelins
 u - 3 curare-tipped darts {=f}
 v - 10 poisoned darts (quivered)
Armour
 y - an orb of energy
 K - an orb of guile
Magical Staves
 j - a staff of earth
Jewellery
 t - an amulet of reflection (around neck)
 C - a ring of ice
 G - an amulet of guardian spirit
 N - a ring of positive energy (right hand)
 P - a ring of poison resistance (left hand)
Talismans
 b - a beast talisman
 c - a flux talisman (active)
Wands
 q - a wand of flame (45)
 z - a wand of polymorph (6)
Scrolls
 e - 4 scrolls of revelation
 f - 2 scrolls of poison
 h - 3 scrolls of enchant armour {unknown}
 i - 2 scrolls of fear
 p - 3 scrolls of teleportation {unknown}
 s - a scroll of enchant weapon
 w - a scroll of amnesia
 x - a scroll of noise {!r}
 F - a scroll of silence {!r}
 L - a scroll of brand weapon
 R - a scroll of blinking
Potions
 a - a potion of lignification {!q}
 d - 2 potions of heal wounds {unknown}
 k - 2 potions of mutation {unknown}
 m - 2 potions of invisibility {unknown}
 n - 2 potions of might
 o - 5 potions of curing {@q1}
 r - a potion of magic {unknown}
 B - a potion of cancellation {unknown}
 D - 2 potions of attraction {unknown}
 E - a potion of ambrosia {unknown}
 I - a potion of resistance {unknown}
 J - a potion of enlightenment {unknown}
 M - 2 potions of degeneration {unknown}
 O - 2 potions of haste {unknown}
Miscellaneous
 Q - a condenser vane (inert)

Dungeon Overview and Level Annotations

Branches:
Dungeon (8/15)             Temple (1/1) D:4          Bailey (visited)
   Lair: D:8-11

Altars:
Ashenzari
Cheibriados
Dithmenos
Elyvilon
Fedhas
Gozag
Hepliaklqana
Kikubaaqudgha
Makhleb
Nemelex Xobeh
Okawaru
Qazlal
Ru
Sif Muna
Trog
Uskayaw
Wu Jian
Xom
Yredelemnul
Zin
The Shining One

Shops:
D:7

*
..................###
####...........#### #
...##..#..##
###...#.## #...>#.##
..#.....# ##....#
#..§§##### #..K§YYp.#
#..§§###..#
##...Y.$#.#
#.####YY.# .... Y..
..... ... ....... .#
....... .# .......


You could see 2 yaks and a kobold brigand (confused, contam).


Message History

You closely miss the yak.
The yak is moderately wounded.
The yak gores you but does no damage.
The yak is engulfed in poison gas.
The yak is poisoned.
The yak is engulfed in poison gas.
The yak looks even sicker.
The kobold brigand is engulfed in noxious fumes.
The kobold brigand appears confused.
Unknown command.
Unknown command.
You hit the yak.
The yak begins to glow.
Your tail-slap misses the yak.
The yak is heavily wounded.
The yak gores you.
* * * LOW HITPOINT WARNING * * *
The yak looks even sicker.
Unknown command.
It was a potion of might.
You feel very mighty all of a sudden.
The kobold brigand is engulfed in noxious fumes.
The kobold brigand appears confused.
The kobold brigand barely misses the yak.
The kobold is engulfed in poison gas.
The kobold is poisoned.
You kill the kobold!
The yak closely misses you.
The yak is engulfed in poison gas.
The yak looks as sick as possible!
It was a potion of brilliance.
You feel clever all of a sudden.
The kobold brigand is engulfed in noxious fumes.
The kobold brigand appears confused.
The yak gores you!
You die...
Your body crumbles into a pile of gold.

Skill      XL: |  1  2  3  4  5  6  7  8  9 10 |
---------------+-------------------------------+-----
Shapeshifting  | 4 5 6 7 8 9 |  9.2
Unarmed Combat | 4 5 6 7 |  7.2
Evocations     | 1 2 3 4 6 |  6.3
Throwing       | 2 3 4 |  4.8
Stealth        | 2 3 5 |  5.0
Fighting       | |  1.1
Dodging        | |  1.7

Action                     |  1- 3 |  4- 6 |  7- 9 | 10-12 || total
---------------------------+-------+-------+-------+-------++-------
  Melee: Unarmed           |   128 |   165 |   192 |    49 ||   534
         Tailslap          |    10 |    23 |    25 |    11 ||    69
         Punch             |     4 |     2 |       |       ||     6
  Throw: Dart              |       |       |     4 |       ||     4
 Invoke: Call Merchant     |       |       |     1 |       ||     1
Ability: Breathe Steam     |       |       |    25 |     4 ||    29
  Evoke: Wand              |       |     6 |     1 |     2 ||     9
         Condenser vane    |       |       |       |     1 ||     1
    Use: Scroll            |       |     1 |     9 |     2 ||    12
         Potion            |       |     1 |       |     2 ||     3
   Stab: Sleeping          |     2 |       |       |       ||     2
 Armour: Skin              |    59 |   111 |   151 |    42 ||   363
  Dodge: Dodged            |    90 |   105 |   119 |    39 ||   353
  Block: Other             |       |    22 |    38 |     9 ||    69
         Reflection        |       |     3 |     1 |     1 ||     5
   Form: Flux              |       |     1 |     1 |       ||     2
         Beast             |       |       |     1 |       ||     1

Levels and vault maps discovered:
D:1:      minmay_arrival_plants_in_alcoves, layout_basic
D:2:      layout_rooms, shapermc_ecumenical_altar_petra
D:3:      layout_rooms
D:4:      layout_basic, nicolae_overflow_hallway_of_the_gods,
          minmay_temple_entry_offerings, sigmund_army, uniq_sigmund
D:5:      gammafunk_steamed_eel, layout_layer_cave, minmay_lizard_king
D:6:      kennysheep_spiral_hall, layout_basic, serial_rivers,
          chequers_serial_rivers_large_a, chequers_serial_rivers_small_b,
          chequers_serial_rivers_micro_e, chequers_serial_rivers_micro_b,
          chequers_serial_rivers_small_b, chequers_serial_rivers_small_a
D:7:      layout_cave_pools, general_overflow_altar, enter_bailey_3,
          uniq_jeremiah
D:8:      layout_rooms
Temple:   zaba_magenta_temple

Notes
Turn   | Place    | Note
-------+----------+-------------------------------------------
     0 | D:1      | Jeffwins the Draconian Shapeshifter began the quest for the
                  | Orb.
     0 | D:1      | Reached XP level 1. HP: 16/16 MP: 1/1
   224 | D:1      | Reached XP level 2. HP: 23/23 MP: 2/2
   614 | D:1      | Reached XP level 3. HP: 27/28 MP: 3/3
   871 | D:2      | Reached skill level 4 in Shapeshifting
  1083 | D:2      | Found a faded altar of an unknown god.
  1385 | D:3      | Reached XP level 4. HP: 35/35 MP: 4/4
  1701 | D:3      | Reached skill level 4 in Unarmed Combat
  2095 | D:4      | Reached XP level 5. HP: 37/40 MP: 5/5
  2139 | D:4      | Noticed Sigmund
  2330 | D:4      | Killed Sigmund
  2331 | D:4      | Reached skill level 1 in Evocations
  2331 | D:4      | Reached skill level 5 in Shapeshifting
  2331 | D:4      | Reached XP level 6. HP: 19/47 MP: 2/6
  2420 | D:4      | Found a staircase to the Ecumenical Temple.
  2440 | Temple   | Entered the Ecumenical Temple
  2463 | Temple   | Became a worshipper of Gozag Ym Sagoz the Greedy
  2623 | D:4      | Found an ornate altar of the Wu Jian Council.
  2639 | D:4      | Found a hide-covered altar of Uskayaw.
  2642 | D:4      | Found a bloodstained altar of Trog.
  2759 | D:4      | Found a stormy altar of Qazlal.
  2759 | D:4      | Found a snail-covered altar of Cheibriados.
  2759 | D:4      | Found a broken altar of Ashenzari.
  2765 | D:4      | Reached skill level 2 in Evocations
  2776 | D:4      | Found a glowing silver altar of Zin.
  2778 | D:4      | Found a glowing golden altar of the Shining One.
  2780 | D:4      | Found a shimmering blue altar of Sif Muna.
  2781 | D:4      | Found a shimmering altar of Xom.
  3318 | D:5      | Entered Level 5 of the Dungeon
  3341 | D:5      | Your scales start taking on a pale cyan-grey colour.
  3341 | D:5      | Reached XP level 7. HP: 45/52 MP: 7/7
  3341 | D:5      | Gained mutation: You are immune to the effects of steam.
                  | [Pale Draconian growth]
  3378 | D:5      | Found a transporter.
  3422 | D:5      | Reached skill level 1 in Throwing
  3422 | D:5      | Reached skill level 1 in Stealth
  3493 | D:5      | Reached skill level 5 in Unarmed Combat
  3517 | D:5      | Reached skill level 6 in Shapeshifting
  3539 | D:5      | Found a transporter.
  3767 | D:5      | Reached skill level 3 in Evocations
  4225 | D:5      | Reached skill level 2 in Stealth
  4306 | D:6      | Noticed a wyvern
  4315 | D:6      | Reached skill level 2 in Throwing
  4315 | D:6      | Killed a wyvern
  4316 | D:6      | Reached XP level 8. HP: 35/59 MP: 8/8
  4678 | D:6      | Reached skill level 4 in Evocations
  4729 | D:6      | Reached skill level 7 in Shapeshifting
  5167 | D:6      | Reached skill level 3 in Stealth
  5584 | D:7      | Reached skill level 3 in Throwing
  5587 | D:7      | Reached skill level 6 in Unarmed Combat
  5612 | D:7      | Found a flagged portal.
  5628 | Bailey   | Entered a bailey
  5731 | Bailey   | Reached XP level 9. HP: 38/64 MP: 9/9
  5757 | Bailey   | Noticed an orc knight
  5824 | Bailey   | Killed an orc knight
  5825 | Bailey   | Reached skill level 4 in Stealth
  5825 | Bailey   | Reached skill level 5 in Evocations
  5825 | Bailey   | Reached skill level 8 in Shapeshifting
  6045 | Bailey   | Found a large runed translucent door.
  6045 | Bailey   | Found a large runed translucent door.
  6046 | Bailey   | Noticed a deep elf pyromancer
  6118 | Bailey   | Killed a deep elf pyromancer
  6119 | Bailey   | Reached skill level 4 in Throwing
  6134 | Bailey   | Identified the +1 dire flail "Ugicoegh" {drain, rCorr}
  6265 | D:7      | Noticed Jeremiah
  6281 | D:7      | Killed Jeremiah
  6526 | D:7      | Bought a condenser vane for 480 gold pieces
  6687 | D:7      | Identified the +0 plate armour of the Glowing Gods {Dex+3}
  6701 | D:7      | Found a hazy altar of Hepliaklqana.
  6752 | D:8      | Reached skill level 5 in Stealth
  6752 | D:8      | Reached skill level 7 in Unarmed Combat
  6752 | D:8      | Reached skill level 6 in Evocations
  6899 | D:7      | Bought a scroll of blinking for 90 gold pieces
  6953 | D:8      | Reached XP level 10. HP: 21/71 MP: 10/10
  7535 | D:7      | Reached skill level 9 in Shapeshifting
  7810 | D:8      | HP: 6/71 [yak (4)]
  7812 | D:8      | Slain by a yak

Vanquished Creatures
  A deep elf pyromancer (Bailey)
  Jeremiah (D:7)
  Sigmund (D:4)
  2 yaks (D:8)
  A wyvern (D:6)
  2 steam dragons
  6 orc warriors
  A sky beast (D:8)
  2 water moccasins
  3 ice beasts
  2 black bears (D:6)
  A centaur (D:7)
  A phantom (D:6)
  A kobold brigand (D:8)
  A scorpion (D:5)
  A howler monkey (D:7)
  3 electric eels (D:5)
  3 jellies
  An orc priest (D:8)
  3 hounds
  7 iguanas
  2 sleepcaps
  2 orc wizards
  13 adders
  4 gnolls
  3 white imps
  4 ufetubi
  A worm (D:2)
  6 dart slugs
  27 orcs
  7 ball pythons
  8 endoplasms
  4 giant cockroaches
  9 hobgoblins
  5 jackals (D:1)
  3 quokkas
  3 bats
  7 frilled lizards
  6 goblins
  16 kobolds
  6 rats
180 creatures vanquished.

Vanquished Creatures (collateral kills)
  An orc knight (Bailey)
  An orc warrior (Bailey)
  4 orcs (Bailey)
6 creatures vanquished.

Grand Total: 186 creatures vanquished

Table legend: (Time is in decaauts)
 A = Elapsed time spent in this place.
 B = Non-inter-level travel time spent in this place.
 C = Inter-level travel time spent in this place.
 D = Time resting spent in this place.
 E = Time spent auto-exploring this place.
 F = Levels seen in this place.
 G = Mean time per level.
                   A        B        C        D        E       F      G
               +--------+--------+--------+--------+--------+-----+--------+
         Total |   7799 |   7593 |    206 |    703 |   5316 |  10 |  779.9 |
       Dungeon |   7191 |   7001 |    190 |    644 |   4986 |   8 |  898.9 |
        Temple |     39 |     23 |     16 |      0 |      0 |   1 |   39.0 |
        Bailey |    568 |    568 |      0 |     59 |    330 |   1 |  568.0 |
               +--------+--------+--------+--------+--------+-----+--------+

Top non-repeatable levels by time:
     D:6: 1354 daAuts
     D:7: 1243 daAuts
     D:4: 1042 daAuts
     D:5: 983 daAuts
     D:3: 850 daAuts
     D:1: 791 daAuts
     D:2: 578 daAuts
  Bailey: 568 daAuts
     D:8: 346 daAuts
  Temple: 39 daAuts

Table legend:
 A = Non-vault XP
 B = Vault XP
 C = Vault XP percentage of total XP
 D = Non-vault monster count
 E = Vault monster count
 F = Vault count percentage of total count
                 A         B        C        D         E       F
            +---------+---------+-------+---------+---------+-------
      Total |    3906 |    2703 |  40.9 |     148 |      38 |  20.4
            +---------+---------+-------+---------+---------+-------
        D:1 |      52 |       0 |   0.0 |      27 |       0 |   0.0
        D:2 |      44 |       0 |   0.0 |      10 |       0 |   0.0
        D:3 |     138 |       0 |   0.0 |      27 |       0 |   0.0
        D:4 |     161 |     239 |  59.8 |      19 |       5 |  20.8
        D:5 |     407 |     201 |  33.1 |       9 |       9 |  50.0
        D:6 |     902 |      22 |   2.4 |      17 |       4 |  19.0
        D:7 |    1086 |     377 |  25.8 |      18 |       5 |  21.7
        D:8 |    1103 |       0 |   0.0 |      20 |       0 |   0.0
     Temple |      13 |       0 |   0.0 |       1 |       0 |   0.0
     Bailey |       0 |    1864 | 100.0 |       0 |      15 | 100.0
            +---------+---------+-------+---------+---------+-------
